 Dungeon Crawl Stone Soup version 0.31-a0-152-g6aa68a64a1 (webtiles) character file.

Game seed: 4438967129911431698

77 vineage the Trooper (level 4, -4/29 HPs)
             Began as a Gargoyle Fighter on June 9, 2023.
             Slain by Terence
             ... wielding a +0 trident
              (7 damage)
             ... on level 2 of the Dungeon.
             The game lasted 00:01:21 (1127 turns).

vineage the Trooper (Gargoyle Fighter)              Turns: 1127, Time: 00:01:21

Health: -4/29      AC: 15    Str: 20    XL:     4   Next: 34%
Magic:  4/4        EV:  7    Int:  8    God:
Gold:   70         SH:  4    Dex: 11    Spells: 3/3 levels left

rFire   . . .        a - +0 trident
rCold   . . .        c - +0 buckler
rNeg    + . .        i - +0 chain mail
rPois   ∞            (no helmet)
rElec   +            m - scarf {+Inv}
rCorr   .            g - +0 pair of gloves
SInv    .            f - +0 pair of boots
Will    .....        (no amulet) Stlth
                     (no ring)
HPRegen 0.24/turn    (no ring)
MPRegen 0.09/turn

%: no passive effects
@: no status effects
A: sickness immunity, AC +3, negative energy resistance 1, electricity
resistance, torment resistance 1, petrification resistance
a: Evoke Invisibility


You were on level 2 of the Dungeon.
You visited 1 branch of the dungeon, and saw 2 of its levels.

You collected 70 gold pieces.

Inventory:

Hand Weapons
 a - a +0 trident (weapon)
Armour
 c - a +0 buckler (worn)
 f - a +0 pair of boots (worn)
 g - a +0 pair of gloves (worn)
 i - a +0 chain mail (worn)
 m - a scarf of invisibility (worn)
Jewellery
 k - a ring of willpower
Wands
 l - a wand of flame (29)
Potions
 b - a potion of heal wounds {unknown}
 d - a potion of might
 e - a potion of ambrosia {unknown}
 h - a potion of enlightenment {unknown}
 j - a potion of curing {unknown}


   Skills:
 + Level 3.8 Fighting
 * Level 2.8 Polearms
 + Level 3.8 Armour
 + Level 3.8 Shields


You had 3 spell levels left.
You didn't know any spells.
Your spell library was empty.

Dungeon Overview and Level Annotations

Branches:
Dungeon (2/15)

Altars:

Annotations:
D:2 Terence


Innate Abilities, Weirdness & Mutations

You are immune to sickness and miasma.
Your stone body is resilient. (AC +3)
You are immune to poison.
You resist negative energy. (rN+)
You are resistant to electric shocks. (rElec)
You are resistant to unholy torment.
You are immune to petrification.


Message History

You are too injured to fight recklessly!
You are too injured to fight recklessly!
You are too injured to fight recklessly!
You are too injured to fight recklessly!
You are too injured to fight recklessly!
You are too injured to fight recklessly!
You are too injured to fight recklessly!
You are too injured to fight recklessly!
You are too injured to fight recklessly!
You are too injured to fight recklessly!
You are too injured to fight recklessly!
You miss the kobold.
Terence hits you from afar with a +0 trident.
The kobold hits you but does no damage. You block Terence's attack.
You puncture the kobold!
You kill the kobold!
You block Terence's attack. Terence barely misses you.
Terence says, "Rest in peace."
Terence hits you but does no damage.
Things that are here:
a +0 club; a kobold corpse Terence barely misses you.
You hit Terence but do no damage.
Terence is lightly wounded.
Terence hits you with a +0 trident. Terence barely misses you.
You hit Terence.
Terence is heavily wounded.
Terence hits you with a +0 trident.
* * * LOW HITPOINT WARNING * * *
Terence hits you with a +0 trident.
* * * LOW HITPOINT WARNING * * *
You hit Terence.
Terence is heavily wounded.
You block Terence's attack. x2
You closely miss Terence.
Terence is heavily wounded.
Terence shouts, "Get ready for death!"
Terence hits you but does no damage. Terence hits you with a +0 trident!
You die...

.##.[....# .#..######
)..## ### .............
..####### ...###########
......#####.............
............##..........
.#......##..##..@..#...#
........##...#.)@...#
#.##.##...#......#...#
#....# #.#.#.....#..#
#..### #...##.#...###
....# ##......#..#
###.### #..#.....### #
#...###.#.....#... #
###.....#....#.... #
###...#.........


You could see Terence (fast).

Vanquished Creatures
  A hound (D:2)
  A worm (D:2)
  2 bats (D:1)
  4 endoplasms
  2 giant cockroaches
  3 hobgoblins (D:1)
  6 jackals (D:1)
  6 quokkas
  4 ball pythons
  4 frilled lizards (D:1)
  5 goblins
  A kobold (D:2)
  3 rats (D:1)
42 creatures vanquished.

Notes
Turn   | Place    | Note
-------+----------+-------------------------------------------
     0 | D:1      | vineage the Gargoyle Fighter began the quest for the Orb.
     0 | D:1      | Reached XP level 1. HP: 14/14 MP: 1/1
   161 | D:1      | Reached XP level 2. HP: 19/19 MP: 2/2
   582 | D:1      | Reached XP level 3. HP: 23/23 MP: 3/3
   949 | D:2      | Reached XP level 4. HP: 17/29 MP: 4/4
  1107 | D:2      | Noticed Terence
  1127 | D:2      | Slain by Terence

Illustrated notes

Levels and vault maps discovered:
D:1:      amcnicky_arrival_single_pillar, layout_basic, minmay_misc_feat_five,
          hangedman_decor_push
D:2:      layout_rooms, minmay_splitting_lines, kennysheep_jessica_study,
          uniq_terence

Skill      XL: |  1 |
---------------+----+-----
Polearms       | 2 |  2.8
Fighting       | |  3.8
Armour         | |  3.8
Shields        | |  3.8

Action                     |  1- 3 |  4- 6 || total
---------------------------+-------+-------++-------
  Melee: Trident           |   134 |    42 ||   176
    Use: Scroll            |     3 |     2 ||     5
 Armour: Scale mail        |    72 |       ||    72
         Chain mail        |    19 |    27 ||    46
  Dodge: Dodged            |    74 |    18 ||    92
  Block: Buckler           |    35 |    13 ||    48

Table legend: (Time is in decaauts)
 A = Elapsed time spent in this place.
 B = Non-inter-level travel time spent in this place.
 C = Inter-level travel time spent in this place.
 D = Time resting spent in this place.
 E = Time spent auto-exploring this place.
 F = Levels seen in this place.
 G = Mean time per level.
                   A        B        C        D        E       F      G
               +--------+--------+--------+--------+--------+-----+--------+
         Total |   1165 |   1139 |     26 |      0 |    798 |   2 |  582.5 |
       Dungeon |   1165 |   1139 |     26 |      0 |    798 |   2 |  582.5 |
               +--------+--------+--------+--------+--------+-----+--------+

Top non-repeatable levels by time:
     D:1: 892 daAuts
     D:2: 273 daAuts
